Cogmind - Beta 16 @@@ ROGUE MODE // 2025.10.28 @ 15:02:02 // Winter2022/Polymind Player: GayPredator Result: Destroyed by G-47 Trooper with Particle Gun Performance ------------- Evolutions (2) 1000 Regions Visited (4) 800 Robots Destroyed (48) 240 Value Destroyed (1549) 1549 Prototype IDs (3) 60 Alien Tech Used (0) 0 Bonus (3405) 3405 TOTAL SCORE: 6614 Bonus ------- Polymind Skill 3205 Pacifist 200 Cogmind --------- Core Integrity 0/550 Matter 4/100 Energy 236/240 System Corruption 1% Temperature Cool (9) Movement Treading (170) Location -8/Materials Parts ------- > --- POWER (1) -------- Reinforced Deuterium Engine > --- PROPULSION (3) --- Armored Treads Armored Treads Armored Treads > --- UTILITY (12) ----- Cooling System Visual Processing Unit Active Sensor Suite Targeting Computer Weapon Cycler Transmission Jammer Hardened Heavy Armor Plating Graphene Brace Dynamic Insulation System > --- WEAPON (2) ------- Heavy Assault Cannon > --- INVENTORY (1) ---- (None) Peak State ------------ > --- POWER ------------ Reinforced Deuterium Engine > --- PROPULSION ------- Armored Treads Armored Treads Armored Treads > --- UTILITY ---------- Cooling System Visual Processing Unit Active Sensor Suite Targeting Computer Weapon Cycler Transmission Jammer Hardened Heavy Armor Plating Graphene Brace Dynamic Insulation System > --- WEAPON ----------- Heavy Assault Cannon > --- INVENTORY -------- (None) [Rating: 78] Favorites ----------- Power Improved Ion Engine Engine Improved Ion Engine Propulsion Light Treads Treads Light Treads Leg Aluminum Leg Wheel Wheel Utility Heat Sink Device Heat Sink Storage Small Storage Unit Processor Terrain Scan Processor Protection Light Armor Plating Weapon Heavy Assault Rifle Energy Gun Beam Rifle Ballistic Gun Heavy Assault Rifle Ballistic Cannon Heavy Assault Cannon Special Weapon Welding Torch Slashing Weapon Katana Build | -11 -10 -9 -9 -8 ------- Run | Yrd Mat Mat Min Mat Slots Evolved . | . . . . . Power . | . . . . . Propulsion . | . . . . . Utility . | . . . . . Weapon . | . . . . . Parts Attached . | . . . . . Power . | . . . . . Engine . | . . . . . Core . | . . . . . Reactor . | . . . . . Propulsion . | . . . . . Treads . | . . . . . Leg . | . . . . . Wheel . | . . . . . Hover . | . . . . . Flight . | . . . . . Utility . | . . . . . Device . | . . . . . Storage . | . . . . . Processor . | . . . . . Hackware . | . . . . . Protection . | . . . . . Artifact . | . . . . . Weapon . | . . . . . Energy Gun . | . . . . . Energy Cannon . | . . . . . Ballistic Gun . | . . . . . Ballistic Cannon . | . . . . . Launcher . | . . . . . Special Weapon . | . . . . . Impact Weapon . | . . . . . Slashing Weapon . | . . . . . Piercing Weapon . | . . . . . Special Melee Weapon . | . . . . . Unidentified Prototypes . | . . . . . Parts Lost 16 | . . 2 . 14 Power 2 | . . . . 2 Propulsion 5 | . . 1 . 4 Utility 4 | . . . . 4 Weapon 5 | . . 1 . 4 Highest Loss Streak 6 | . . 2 . 6 To Critical Strikes . | . . . . . Average Backups . | . . . . . Power . | . . . . . Propulsion . | . . . . . Utility . | . . . . . Weapon . | . . . . . Tool/Special . | . . . . . Unused Backups 16 | . 7 9 . . Power . | . . . . . Propulsion . | . . . . . Utility 5 | . 2 3 . . Weapon 10 | . 4 6 . . Tool/Special 1 | . 1 . . . Average Slot Usage (%) 98 | . 100 99 100 96 Engine 12 | . 18 13 14 11 Treads 19 | . . 21 . 20 Leg 2 | . . 3 . 2 Wheel 4 | . 36 . 28 2 Device 24 | . 26 24 28 23 Storage 1 | . 10 . . . Processor 1 | . . . 14 1 Protection 9 | . . 10 . 10 Energy Gun 9 | . . 11 . 10 Ballistic Gun 8 | . . 10 . 9 Special Weapon 1 | . 8 . 14 . Peak Build Rating 78 | 8 8 11 8 78 Average Rating 12 | 4 6 10 8 16 On Entrance 5 | . 8 5 8 8 Avg Prop Armor Cover (%) . | . . . . . Naked Turns 11 | . . 2 . 9 Heaviest Build 58 | 6 9 18 6 58 Greatest Support 60 | 20 32 46 20 60 Greatest Overweight (x) . | . . . . . Average Overweight (x) . | . . . . . Largest Inventory Capacity 6 | . 4 6 . 1 Average Capacity 1 | . 2 1 . . Most Carried 5 | . 4 5 . . Average Carried . | . . . . . Final Capacity 4 | . 4 . . 1 Final Carried 4 | . 4 . . . Class Distribution -------------------- 73% | Sentry 6% | Grunt 6% | Builder 3% | Recycler 3% | Heavy Dominant Class ---------------- Recycler | -10/Materials Sentry | -9/Materials Builder | -9/Mines Sentry | -8/Materials Resources | -11 -10 -9 -9 -8 ----------- Run | Yrd Mat Mat Min Mat Matter Collected 265 | . . 103 . 162 Remotely . | . . . . . Salvage Created 1180 | . . 542 . 638 Parts 95 | . . 34 . 61 Haulers Intercepted . | . . . . . Recyclers Shooed 1 | . . 1 . . Parts Field Recycled . | . . . . . Retrieved Matter . | . . . . . Parts Self-Destructed . | . . . . . Prevented . | . . . . . Parts Restored . | . . . . . Kills | -11 -10 -9 -9 -8 ------- Run | Yrd Mat Mat Min Mat Combat Hostiles Destroyed 37 | . . 10 . 27 Melee 9 | . . . . 9 Guns 20 | . . 10 . 10 Cannons 8 | . . . . 8 Classes Destroyed 8 | . . 4 . 4 Worker 2 | . . . . 2 Operator 1 | . . . . 1 Watcher 8 | . . 5 . 3 Swarmer 8 | . . 4 . 4 Cutter 2 | . . . . 2 Grunt 18 | . . 3 . 15 Sentry 7 | . . 3 . 4 Specialist 2 | . . . . 2 Best Kill Streak 10 | . . 5 . 10 Combat Bots Only 10 | . . 4 . 10 Max Kills in Single Turn 1 | . . 1 . 1 Gunslinging . | . . . . . Exploded . | . . . . . Melee 1 | . . . . 1 Uniques/NPCs Destroyed . | . . . . . Combat | -11 -10 -9 -9 -8 -------- Run | Yrd Mat Mat Min Mat Hostile Shots Fired 328 | . . 78 . 250 Missed 83 | . . 19 . 64 Hits 245 | . . 59 . 186 Melee 2 | . . . . 2 Projectile 243 | . . 59 . 184 Critical Strikes 6 | . . 1 . 5 Actively Blocked 3 | . . . . 3 Damage Taken 3559 | . . 737 . 2822 Core 723 | . . 160 . 563 Absorbed by Shields . | . . . . . Redirected to Shielding 52 | . . . . 52 Regen/Repaired (Parts) 77 | . . 77 . . Core Remaining (%) 86 | 100 100 . 60 . Volleys Fired 123 | . 1 60 . 62 Largest 2 | . 1 2 . 2 Hottest 100 | . 100 79 . 79 Shots Fired 175 | . 1 95 . 79 Gun 156 | . . 95 . 61 Cannon 18 | . . . . 18 Launcher . | . . . . . Special 1 | . 1 . . . Kinetic 72 | . . 35 . 37 Thermal 103 | . 1 60 . 42 Explosive . | . . . . . Electromagnetic . | . . . . . Robot Hit Streak 14 | . . 12 . 14 Robot Miss Streak 7 | . . 7 . 4 Penetration Max 1 | . . . . 1 Secondary Targets 2 | . . 2 . . Max Gunslinging Chain 1 | . . 1 . . Shots Hit Robots 134 | . . 52 . 82 Core Hits 65 | . . 24 . 41 Critical Kills . | . . . . . Critical Parts Destroyed . | . . . . . Critical Strikes 7 | . . 1 . 6 Burn 2 | . . 1 . 1 Blast 3 | . . . . 3 Sever 2 | . . . . 2 Melee Attacks 27 | . . . . 27 Impact . | . . . . . Slashing 27 | . . . . 27 Piercing . | . . . . . Sneak Attacks . | . . . . . Combat Hostiles . | . . . . . Follow-up Attacks . | . . . . . Damage Inflicted 3245 | . . 733 . 2512 Guns 1530 | . . 729 . 801 Cannons 936 | . . . . 936 Explosions . | . . . . . Melee 760 | . . . . 760 Ramming 19 | . . 4 . 15 Kinetic 1410 | . . 256 . 1154 Thermal 1056 | . . 473 . 583 Explosive . | . . . . . Electromagnetic . | . . . . . Impact . | . . . . . Slashing 760 | . . . . 760 Piercing . | . . . . . Highest Corruption 1 | . . . . 1 Average Corruption 1 | . . . . 1 Corruption Purged . | . . . . . Corruption Blocked . | . . . . . Effects 10 | . . . . 10 Message Errors 2 | . . . . 2 Matter Fused 1 | . . . . 1 Heat Flow Errors 2 | . . . . 2 Energy Discharges 1 | . . . . 1 Data Loss (minor) 2 | . . . . 2 Misfires 1 | . . . . 1 Alerts 1 | . . . . 1 Overload Shots . | . . . . . Overflow Damage 63 | . . . . 63 Projectiles 63 | . . . . 63 Explosions . | . . . . . Melee . | . . . . . Knockbacks 4 | . . . . 4 Impact . | . . . . . Kinetic 4 | . . . . 4 Secondary . | . . . . . Self-Inflicted Damage . | . . . . . Shots . | . . . . . Rammed 3 | . . 1 . 2 Targets Rammed 6 | . . 2 . 4 Kicked 2 | . . 1 . 1 Crushed 1 | . . . . 1 Highest Temperature 244 | . 80 29 . 244 Average Temperature 47 | . 42 12 . 61 Received Heat Transfer 1332 | . . 198 . 1134 Effects 1 | . . . . 1 Energy Bleed 1 | . . . . 1 Siege Activations . | . . . . . Martial Activations . | . . . . . Shielding Activations . | . . . . . Robots Disrupted . | . . . . . Combat Hostiles . | . . . . . Robots Corrupted . | . . . . . Combat Hostiles . | . . . . . Parts Fried . | . . . . . Impact Corruptions . | . . . . . Robots Melted . | . . . . . Combat Hostiles . | . . . . . Parts Melted . | . . . . . Heat Transferred 2485 | . . 1190 . 1295 Parts Sabotaged . | . . . . . Parts Stolen . | . . . . . Parts Stripped . | . . . . . Power Chain Reactions . | . . . . . Alert | -11 -10 -9 -9 -8 ------- Run | Yrd Mat Mat Min Mat Maximum Alert Level 1 | . . . . 1 Low Security (%) 97 | 100 100 100 100 94 Level 1 2 | . . . . 5 Level 2 . | . . . . . Level 3 . | . . . . . Level 4 . | . . . . . Level 5 . | . . . . . High Security . | . . . . . Max Security . | . . . . . Peak Influence 372 | . 15 183 5 372 Initial 5 | . . . 5 . Average 46 | . 2 45 . 58 Influence Increases 1240 | . 41 322 . 877 Destroy 0b10 Robot/C 740 | . . 200 . 540 Destroy 0b10 Robot/NC 55 | . . 25 . 30 Destroy Leader 136 | . . 60 . 76 Successful Hack 54 | . 26 21 . 7 Disable Machine 15 | . . . . 15 Destroy Structure 5 | . . 1 . 4 Partial Spotted 15 | . 15 . . . Lose Combat Pursuer 120 | . . 15 . 105 Active Sensor Use 100 | . . . . 100 Influence Decreases 868 | . 41 308 14 505 Entered New Map 9 | . . . 9 . Time Decay 498 | . 41 136 5 316 Lost Part 114 | . . 20 . 94 Purge Threat 239 | . . 150 . 89 Miscellaneous 8 | . . 2 . 6 Squads Dispatched 9 | . . . . 9 Investigation 3 | . . . . 3 Extermination . | . . . . . Reinforcement 6 | . . . . 6 Assault . | . . . . . Garrison . | . . . . . Intercept . | . . . . . Searches Triggered . | . . . . . Construction Impeded . | . . . . . Haulers Reinforced . | . . . . . Active Scanning Responses 1 | . . . . 1 Cargo Convoy Interrupts . | . . . . . Stealth | -11 -10 -9 -9 -8 --------- Run | Yrd Mat Mat Min Mat Distress Signals 5 | . . 1 2 2 Communications Jammed 4 | . . . . 4 Distress Signals 4 | . . . . 4 Times Spotted 86 | . . 17 1 68 Peak Tracking Total 10 | . . 4 1 10 Tactical Retreats 4 | . . 1 . 3 Traps | -11 -10 -9 -9 -8 ------- Run | Yrd Mat Mat Min Mat Traps Triggered . | . . . . . Indirectly . | . . . . . Trap Hack Attempts . | . . . . . Triggered . | . . . . . Disarmed . | . . . . . Reprogrammed . | . . . . . Reused . | . . . . . Traps Extracted . | . . . . . Installed . | . . . . . Triggered . | . . . . . Machines | -11 -10 -9 -9 -8 ---------- Run | Yrd Mat Mat Min Mat Machines Disabled 1 | . . . . 1 Max in Single Turn 1 | . . . . 1 Machines Repaired . | . . . . . Machines Dismantled . | . . . . . Machines Sabotaged . | . . . . . Overloaded Fab Kills . | . . . . . Hacking | -11 -10 -9 -9 -8 --------- Run | Yrd Mat Mat Min Mat Machines Accessed 13 | . 4 7 . 2 Terminals 11 | . 4 5 . 2 Fabricators . | . . . . . Repair Stations 1 | . . 1 . . Recycling Units . | . . . . . Scanalyzers 1 | . . 1 . . Garrison Access . | . . . . . Total Hacks 33 | . 12 16 . 5 Successful 24 | . 10 11 . 3 Failed 9 | . 2 5 . 2 Catastrophic 1 | . . . . 1 Database Lockouts . | . . . . . Manual 14 | . 7 6 . 1 Terminals 30 | . 12 13 . 5 Fabricators . | . . . . . Repair Stations 2 | . . 2 . . Recycling Units . | . . . . . Scanalyzers 1 | . . 1 . . Garrison Access . | . . . . . Terminal Hacks 10 | . 6 2 . 2 Robot Schematic 2 | . 2 . . . Branch Access Points 1 | . 1 . . . Terminal Index 1 | . 1 . . . Alert Level 2 | . . 1 . 1 Unreport Threat 2 | . . 1 . 1 Locate Traps 1 | . 1 . . . Zone Layout 1 | . 1 . . . Fabricator Hacks . | . . . . . Repair Station Hacks 2 | . . 2 . . Scan Component 1 | . . 1 . . Repair 1 | . . 1 . . Recycling Unit Hacks . | . . . . . Scanalyzer 1 | . . 1 . . Retrieve Study 1 | . . 1 . . Garrison Access Hacks . | . . . . . Unauthorized Hacks 11 | . 4 6 . 1 Terminals 11 | . 4 6 . 1 Botnet 2 | . 1 1 . . Disrupt 1 | . . . . 1 Skim 8 | . 3 5 . . Fabricators . | . . . . . Repair Stations . | . . . . . Recycling Units . | . . . . . Scanalyzers . | . . . . . Garrison Access . | . . . . . Data Cores Recovered . | . . . . . Used . | . . . . . Hacking Detections 9 | . 3 4 . 2 Full Trace Events 2 | . . . . 2 Feedback Events 1 | . . . . 1 Corruption 1 | . . . . 1 Feedback Blocked . | . . . . . Robot Schematics Acquired 2 | . 2 . . . Robots Built . | . . . . . Authchips . | . . . . . Time . | . . . . . Total Robot Build Rating . | . . . . . Part Schematics Acquired . | . . . . . Parts Built . | . . . . . Authchips . | . . . . . Time . | . . . . . Total Part Build Rating . | . . . . . Part Studies Acquired 1 | . . 1 . . Parts Repaired 1 | . . 1 . . Time 26 | . . 26 . . Parts Recycled . | . . . . . Recycled Matter . | . . . . . Retrieved Matter . | . . . . . Retrieved Components . | . . . . . Parts Scanalyzed . | . . . . . Part Schematics Acquired . | . . . . . Parts Damaged . | . . . . . Bothacking | -11 -10 -9 -9 -8 ------------ Run | Yrd Mat Mat Min Mat Used RIF Installer . | . . . . . Robots Hacked 11 | . 1 4 . 6 Non-combat 3 | . 1 2 . . Combat 8 | . . 2 . 6 Robot Hacks Applied 17 | . 1 4 . 12 map_walls 1 | . . 1 . . locate_stockpiles 1 | . . 1 . . find_recycling 1 | . 1 . . . find_shortcuts 8 | . . 2 . 6 find_garrison 6 | . . . . 6 Relay Couplers Released . | . . . . . Fabnet Peak Effective % . | . . . . . Robots Rewired . | . . . . . Allies Hacked . | . . . . . Hacks Repelled . | . . . . . Allies | -11 -10 -9 -9 -8 -------- Run | Yrd Mat Mat Min Mat Total Allies . | . . . . . Largest Group . | . . . . . Highest-Rated Group . | . . . . . Highest-Rated Ally . | . . . . . Total Orders . | . . . . . Ally Attacks . | . . . . . Total Damage . | . . . . . Kills . | . . . . . Allies Corrupted . | . . . . . Allies Melted . | . . . . . Intel | -11 -10 -9 -9 -8 ------- Run | Yrd Mat Mat Min Mat Active Infowar (turns) 770 | 7 158 80 304 221 Optics 196 | . . . . 196 A.S.S. 196 | . . . . 196 Terrain 516 | 7 158 22 304 25 Structural 351 | . . 22 304 25 Seismic 165 | 7 158 . . . T.N.C. 58 | . . 58 . . Jamming 196 | . . . . 196 Robot Analysis Total 10 | 1 1 4 . 4 Derelict Logs Recovered . | . . . . . Drone Launches . | . . . . . Drone Recoveries . | . . . . . Exploration | -11 -10 -9 -9 -8 ------------- Run | Yrd Mat Mat Min Mat Turns Passed 5857 | 14 330 2876 304 2333 Spaces Moved 1495 | 21 330 439 244 461 Core 57 | 13 . 2 . 42 Treads 434 | . . 177 . 257 Legs 230 | . . 196 . 34 Wheels 774 | 8 330 64 244 128 Hover . | . . . . . Flight . | . . . . . Fastest Speed 50 | 50 80 50 80 50 Average Speed 110 | 61 89 129 80 125 Slowest Speed 170 | 80 100 160 80 170 Overloaded Moves . | . . . . . Propulsion Burnouts . | . . . . . Robots Hopped . | . . . . . Potential Cave-ins . | . . . . . Cave-ins Triggered . | . . . . . Exploration Rate (%) 36 | 3 43 45 49 44 Regions Visited 4 Branch Regions 1 Pre-discovered Areas . | . . . . . Known Exits Taken 1 | . . . 1 . Unknown Exits Taken 3 | 1 1 1 . . Scrap Searched 2 | . . . 2 . Spaces Dug 1 | . . . . 1 Terrain Destroyed 3 | . . . . 3 Melee . | . . . . . Projectile 3 | . . . . 3 AOE . | . . . . . Terrain Rammed . | . . . . . Walls Destroyed . | . . . . . Machines Disabled . | . . . . . Actions | -11 -10 -9 -9 -8 --------- Run | Yrd Mat Mat Min Mat Total 5516 | 21 361 2649 392 2093 Wait 3757 | . . 2148 72 1537 Move 1491 | 20 329 438 243 461 Hop . | . . . . . Pick Up 11 | . 11 . . . Fast Attach . | . . . . . Attach . | . . . . . Detach . | . . . . . Swap . | . . . . . Drop . | . . . . . Fire 123 | . 1 60 . 62 Melee 27 | . . . . 27 Ram . | . . . . . Kick 2 | . . 1 . 1 Crush 4 | . . 1 . 3 Escape Stasis . | . . . . . Rewire 3 | . . 1 . 2 Trap . | . . . . . Miscellaneous 98 | 1 20 . 77 . Route ------- -11/Scrapyard -10/Materials (discovered 2 exits: *Mat / *Min) -9/Materials (discovered 4 exits: *Mat x3 / [*Min]) -9/Mines -8/Materials (discovered 1 exit: [*Sto]) History --------- Turn | Location | Event 4 | -11/Scrapyard | Discovered new exit (range 15) 15 | -11/Scrapyard | Entered Materials 94 | -10/Materials | Discovered new exit (range 13) 202 | -10/Materials | Identified exit to Mines 267 | -10/Materials | Discovered new exit (range 14) 345 | -10/Materials | Entered another Materials area 2172 | -9/Materials | Discovered new exit (range 14) 2821 | -9/Materials | Repaired Lgt. Armor Plating 3093 | -9/Materials | Discovered new exit (range 16) 3202 | -9/Materials | Identified exit to Materials 3221 | -9/Materials | Entered Mines 3222 | -9/Mines | Assembled infested the area 3227 | -9/Mines | Assisted by a Guerilla fighting off Assembled 3294 | -9/Mines | Discovered exit to Materials (range 13) 3413 | -9/Mines | Joined a pair of Derelicts in attacking an 0b10 outpost 3525 | -9/Mines | Entered Materials 3525 | -8/Materials | Discovered new exit (range 7) 4397 | -8/Materials | Lost 6 parts (1p2n1u2w) 4426 | -8/Materials | Core integrity fell below 50% 4473 | -8/Materials | Core integrity fell below 20% 4517 | -8/Materials | Lost 4 parts (1p2n1u) 4522 | -8/Materials | Destroyed 10 combat bots 5693 | -8/Materials | Lost 3 parts (2u1w) 5707 | -8/Materials | Destroyed 7 combat bots 5858 | -8/Materials | Destroyed by G-47 Trooper with Particle Gun Last Messages --------------- 05703_ R-06 Scavenger collects Sml. Matter Pod. 05703_ Acquired 17 matter. 05705_ Crushed W-25 Informer. 05705_ W-25 Informer destroyed. 05705_ K-01 Serf collects debris. 05719_ ALERT: Active scanning activity reported from Zone 5Y, dispatching Investigation squad. 05719_ Slug penetrates Wall. 05719_ K-01 Serf collects debris. 05726_ U-05 Engineer builds a Wall. 05786_ System corrupted: Component data lost. 05820_ D#SVKAGAQSLG,ZOPNBH|PACNFADXKEYJMQ 05836_ System corrupted: Matter fused (-6). 05843_ G-47 Trooper Particle Gun blasted off. 05843_ G-47 Trooper knocked back. 05845_ Slug penetrates Wall. 05848_ G-47 Trooper destroyed. 05850_ Destroyed Imp. Heat Sink. 05850_ G-47 Trooper knocked back. 05857_ Acquired 3 matter. Map ----- +----------------------------------------------------+ | #! ?????????#% #?????" #" ## #?????????? | | # ??????## ##??""" #T % " ## #?????????? | | # ###### % #? """ #" ] ""## ##????????? | | % =%[%# """ #" ""# ]#????????? | | % =% [ ==+= """ #" """# #????????? | | =% ! *# =# + #????????? | | ?############* [ #??????######+### #????????? | | ????????????## ##???????????# #?# % #????????? | | ?????????????# ##########???# #?###+#######????? | | ?????????????# [ # #???# #?# % #????? | | ?????????????#[= # """"" #???# #?#! === !#????? | | ?????????????#%! # """"" #???# #?# == #????? | | ????????// + !=+^%""""" #???#g#?# == #????? | | ????# /// [ # %# """"" #???# #?#! """ #????? | | ????# /// # # """"" #???# ### """ #????? | | ????# ?# # """"" #???# ## """ #????? | | ????# ?+ # """"" #???#r### #????? | | ????######+??# # o#???# #?###########????? | | ?????????????# ############## ###??????????????? | | ????????????? #?# # [ #??????????????? | | ????????????#+##+#?#= """ " # #??????????????? | | ???????????????? ??# """"" + T #??????????????? | | ???????????????? ??# """" g# #??????????????? | | ???????????????????# %gg#u #??????????????? | | ???????????????????# %*## ##??????????????? | | ???????????????????# "T" H[ ## #???????????????? | | ???????????????????# """ ## #???????????????? | | ???????????????????# ## #???????????????? | | ???????????????????####### ### #???????????????? | | ?????????????????????????###?# #???????????????? | | ?????????????????????????????# #???????????????? | | ?????????????????????????????# ???????????????? | | ?????????????????????????????+ ???????????????? | | ?????????????????????????????? ??????????????? | | ??????????????????????????????#####??????????????? | | ?????????????????????????????????????????????????? | | ?????????????????????????????????????????????????? | | ?????????????????????????????????????????????????? | | ?????????????????????????????????????????????????? | | ?????????????????????????????????????????????????? | | ?????????????????????????????????????????????????? | | | | | | | | | | | | | | | | | | | +----------------------------------------------------+ Best States ------------- Heat Dissipation 52 Energy Generation 23 Energy Capacity 240 Matter Stores 100 Matter Capacity 100 Sight Range 18 Robot Scan Range 20 Terrain Scan Range 16 Terrain Scan Density 85 Jamming Range 12 Additional Mass Support 6 EM Shielding 2 Armor Coverage 600 Resistance: EX 50 Resistance: I 50 Resistance: S 50 Resistance: P 50 Core Shielding 20 Weapon Cycling 15 Evasion (%) 55 Targeting Accuracy 5 Melee Accuracy 5 Recoil Reduction 3 Item Schematics ----------------- None Robot Schematics ------------------ G-34 Mercenary | -10/Materials | Hacked S-10 Pest | -10/Materials | Hacked Fabricated ------------ Nothing Repaired ---------- Lgt. Armor Plating | 14% | -9/Materials Studied --------- Aluminum Leg | -9/Materials | Hacked Alien Tech Used ----------------- None Achievements -------------- Heavy Suspicion Challenges ------------ None Polymind | -11 -10 -9 -9 -8 ---------- Run | Yrd Mat Mat Min Mat Hosts 13 | 1 1 4 . 7 Combat Hostiles 8 | . . 2 . 6 Allies . | . . . . . Unique Host Classes 9 | 1 1 4 . 3 Average Host Suspicion 57 | 1 27 67 21 54 Unsuspicious Activity 3990 | 7 102 2101 173 1607 Returns to Shadow 4 | . . 2 . 2 Fuzzy Dispatches . | . . . . . Protomatter Created 473 | . . 16 115 342 Used 324 | 5 5 48 . 266 Decayed 70 | . . . . 70 Highest Spend 96 | 5 5 23 . 96 Top 5 Hosts by Kills: L-31 Rogue (-8/Materials: 9) H-61 Shepherd (-8/Materials: 8) Y-45 Defender (-9/Materials: 7) G-50 Soldier (-8/Materials: 4) G-34 Mercenary (-9/Materials: 3) Game ------ Seed FortressConstructRigger Manual? 0 Play Time 00:28:51 Cumulative 200.8 hours Start 2025.10.28 @ 14:34:11 End 2025.10.28 @ 15:02:02 Sessions 1 Manual Loads 0 Difficulty Rogue Special Mode Winter2022/Polymind Game No. 189 Rogue 150 Adventurer 32 Explorer 7 Win Type - Total 3 Types 3/0/0/0/0/0/0/0/0/0 Lore% 52 Gallery% 64 Achievement% 34 Wizard Run 0 Options --------- Layout 1 ASCII 0 Keyboard 0 Movement Numpad Keybinds 0 Fullscreen 1 Font 24/Smallcaps Map View 50x35 Zoom Use 0% Tactical HUD 1 Map Filters NONE Filters NONE Steam 1 RUN: 0e1384eb-8ec5-43a1-a833-6e1d00d417e8